 Dungeon Crawl Stone Soup version 0.19.1 (webtiles) character file.

923 Host24 the Ducker (level 8, -6/51 HPs)
             Began as a Kobold Assassin on Dec 24, 2016.
             Was a Follower of Dithmenos.
             Mangled by an ogre
             ... wielding a cursed -3 giant club
              (21 damage)
             ... on level 5 of the Dungeon.
             The game lasted 00:17:52 (6389 turns).

Host24 the Ducker (Kobold Assassin)                 Turns: 6389, Time: 00:17:53

Health: -6/51      AC:  4    Str:  8    XL:     8   Next: 31%
Magic:  8/8        EV: 20    Int: 12    God:    Dithmenos [*.....]
Gold:   218        SH:  0    Dex: 19    Spells: 0 memorised, 7 levels left

rFire  . . .     SeeInvis .     a - +2 dagger
rCold  + . .     Gourm    .     c - +0 robe
rNeg   . . .     Faith    .     (shield restricted)
rPois  .         Spirit   .     v - +0 hat
rElec  .         Reflect  .     d - +0 cloak
rCorr  .         Harm     .     E - +0 pair of gloves
MR     .....                    (no boots)
Stlth  +++++.....               (no amulet)
                                F - ring of protection from cold
                                q - ring of stealth

@: wreathed by umbra
A: carnivore 3
a: Renounce Religion


You were on level 5 of the Dungeon.
You worshipped Dithmenos.
Dithmenos was aware of your devotion.
You were completely stuffed.

You visited 2 branches of the dungeon, and saw 6 of its levels.
You also visited: Sewer.

You collected 218 gold pieces.

Inventory:

Hand Weapons
 a - a +2 dagger (weapon)
 b - a +0 blowgun
 i - a +0 hunting sling
 p - a +0 hand crossbow
 G - a +4 whip
 H - the cursed +1 rapier "Reyliej" {pierce, +Rage rPois rC- MR+}
   (You found it on level 5 of the Dungeon)

   It inflicts extra damage upon your enemies.
   It makes you vulnerable to cold.
   It protects you from poison.
   It affects your resistance to hostile enchantments.
   It lets you go berserk.
   It has a curse placed upon it.
Missiles
 e - 24 poisoned needles
 f - 2 curare-tipped needles
 h - 234 stones (quivered)
 t - 92 arrows
 B - 24 bolts
Armour
 c - a +0 robe (worn)
 d - a +0 cloak (worn)
 v - a +0 hat (worn)
 E - a +0 pair of gloves (worn)
Jewellery
 q - a ring of stealth (left hand)
 y - an uncursed ring of magical power
 F - a ring of protection from cold (right hand)
 K - an uncursed amulet of magic regeneration {unknown}
 L - an uncursed ring of positive energy {unknown}
Wands
 j - a wand of flame (11/48)
 n - a wand of teleportation (3/9)
Scrolls
 k - a scroll of fear {unknown}
 l - a scroll of immolation {unknown}
 m - 2 scrolls of amnesia {unknown}
 r - a scroll of remove curse {unknown}
 x - a scroll of teleportation {unknown}
 A - a scroll of random uselessness {unknown}
 C - a scroll of enchant weapon {unknown}
Potions
 o - 2 potions of curing
 u - 2 potions of lignification
 z - 2 potions of agility
 D - a potion of brilliance
 I - a potion of heal wounds
 J - a potion of flight
Comestibles
 g - 5 meat rations
 s - a beef jerky


   Skills:
 - Level 6.0 Fighting
 + Level 6.4 Short Blades
 - Level 2.1 Throwing
 - Level 7.0 Dodging
 - Level 5.3 Stealth


You had 7 spell levels left.
You didn't know any spells.

Dungeon Overview and Level Annotations

Branches:
Dungeon (5/15)             Temple (1/1) D:4

Altars:
Ashenzari
Dithmenos
Fedhas
Gozag
Hepliaklqana
Makhleb
Nemelex Xobeh
Okawaru
Qazlal
Ru
Sif Muna
Trog
Uskayaw
Vehumet
Xom
Yredelemnul
Zin
The Shining One

Shops:
D:4 [   D:5 [

Annotations:
D:5 randomNumberGod's ghost, novice HaBe


Innate Abilities, Weirdness & Mutations

You are small and have problems with some larger weapons.
You are carnivorous and can eat meat at any time.


Message History

The hound skeleton closely misses you.
You hit the hound skeleton.
The hound skeleton is almost destroyed.
The hound skeleton bites you.
You hit the hound skeleton.
You destroy the hound skeleton!
Dithmenos accepts your kill. The ogre hits you with a giant club!!
Ouch! That really hurt!
You hit the ogre.
The ogre is moderately wounded.
The ogre hits you with a giant club!
* * * LOW HITPOINT WARNING * * *
You hit the ogre.
The ogre is moderately wounded.
You hit the ogre.
The ogre is moderately wounded.
The ogre misses you.
You feel better. The ogre hits you with a giant club!!
You die...

########### #########
#......#[.
#.......###.####.#.#
#..####.#...####.#.####
#..####......#...O....#
#..#.........#.#@#.##.#
#..#.##..........#.#
#.......#...######.......#
#.......##### ##.......
####.#### ...#.## #.####
.....# #....# #######
...... ####.###.....##
.###### #.##.......# .#


You could see an ogre.

Vanquished Creatures
  4 ogres
  A big kobold (Sewer)
  2 crimson imps (D:4)
  2 orc priests (D:3)
  3 hounds
  Ijyb (D:3)
  2 worker ants
  A hound skeleton (D:5)
  An adder (D:4)
  3 river rats
  3 oozes
  An adder zombie (D:5)
  An adder skeleton (D:5)
  3 worms
  A dart slug (D:1)
  5 leopard geckos
  22 orcs
  5 giant cockroaches
  17 goblins
  5 hobgoblins
  10 jackals
  3 quokkas
  12 bats
  4 frilled lizards
  A jackal skeleton (D:4)
  10 kobolds
  11 rats
  A spectral orc (D:2)
135 creatures vanquished.

Notes
Turn   | Place    | Note
-------+----------+-------------------------------------------
     0 | D:1      | Host24 the Kobold Assassin began the quest for the Orb.
     0 | D:1      | Reached XP level 1. HP: 12/12 MP: 1/1
   286 | D:1      | Reached XP level 2. HP: 18/18 MP: 2/2
   479 | D:1      | Reached XP level 3. HP: 21/23 MP: 3/3
  1024 | D:1      | Reached skill level 2 in Dodging
  1024 | D:1      | Reached XP level 4. HP: 22/29 MP: 4/4
  2048 | D:2      | Found a basalt altar of Yredelemnul.
  2208 | D:3      | Reached skill level 3 in Dodging
  2208 | D:3      | Reached XP level 5. HP: 18/33 MP: 5/5
  2560 | D:3      | Reached skill level 4 in Dodging
  2662 | D:3      | Found a shattered altar of Ashenzari.
  3217 | D:3      | Noticed Ijyb
  3247 | D:3      | Killed Ijyb
  3247 | D:3      | Reached skill level 5 in Dodging
  3455 | D:3      | Reached XP level 6. HP: 37/38 MP: 6/6
  3703 | D:4      | Found a stormy altar of Qazlal.
  3884 | D:4      | Noticed an ogre
  4026 | D:4      | Killed an ogre
  4141 | D:4      | Reached skill level 5 in Fighting
  4141 | D:4      | Reached XP level 7. HP: 29/44 MP: 7/7
  4566 | D:4      | Found Deocielug's Antique Armour Shop.
  4829 | D:4      | Found a staircase to the Ecumenical Temple.
  4838 | Temple   | Entered the Ecumenical Temple
  4876 | Temple   | Became a worshipper of Dithmenos the Shadowed
  5211 | D:5      | Entered Level 5 of the Dungeon
  5303 | D:5      | Found Fuxkai's Armour Shop.
  5352 | D:5      | Noticed randomNumberGod's ghost (novice HaBe)
  5476 | D:5      | Got an iridescent rapier
  5477 | D:5      | Identified the cursed +1 rapier "Reyliej" {pierce, +Rage rPois rC- MR+} (You found it on level 5 of the Dungeon)
  5595 | D:5      | Reached skill level 6 in Dodging
  5614 | D:5      | Found a glowing drain.
  5620 | Sewer    | Entered a sewer
  5853 | Sewer    | Found a white marble altar of Elyvilon.
  5991 | D:5      | Reached XP level 8. HP: 46/51 MP: 8/8
  6050 | D:5      | Reached skill level 7 in Dodging
  6063 | D:5      | Reached skill level 5 in Short Blades
  6086 | D:5      | Reached * piety under Dithmenos
  6389 | D:5      | Mangled by an ogre

Skill      XL: |  1  2  3  4  5  6  7  8 |
---------------+-------------------------+-----
Fighting       | 3 4 5 6 |  6.0
Dodging        | 2 3 5 6 7 |  7.0
Short Blades   | 3 4 6 |  6.4
Throwing       | |  2.1
Stealth        | |  5.3

Action                   |  1- 3 |  4- 6 |  7- 9 || total
-------------------------+-------+-------+-------++-------
Melee: Dagger            |   100 |   289 |   453 ||   842
 Fire: Blowgun           |       |    13 |    16 ||    29
  Use: Potion            |       |     8 |     4 ||    12
       Scroll            |       |       |     4 ||     4
 Stab: Sleeping          |    10 |     8 |    10 ||    28
       Distracted        |     1 |       |       ||     1
       Invisible         |       |     4 |       ||     4
  Eat: Chunk             |     8 |    10 |     9 ||    27
Armor: Robe              |    26 |    45 |    30 ||   101
       Skin              |       |    16 |       ||    16
Dodge: Dodged            |    66 |   242 |   265 ||   573
